AoeStats
← Lilliandil

Arena

508168520Analyzed
4v4 RM · 11d ago on Sep 21, 2026· 57m 34s· 8 players
Game mode
Random Map
Map size
Large (8 player)
Population
200
Speed
Normal
Resources
Standard
Victory
Conquest
Starting age
Dark Age
Ending age
Imperial Age
RankedLock teamsTeams togetherTeam positionsShared explorationLock speedFull tech treeHidden civsTurbo modeCheats
Victory
Defeat
🇨🇳 Slavs · China
1225
+14
🇨🇳 Bohemians · China
1219
+14
🇹🇼 Mongols · Taiwan
1215
+14
🇨🇳 Hindustanis · China
1068
+20
🇨🇳 Italians · China
1214
-17
🇸🇪 Teutons · Sweden
1169
-15
🇦🇺 Ethiopians · Australia
1161
-15
🇲🇽 Celts · Mexico
1147
-15
[VL]_EoMeR_
11:15 Feudal Age
15:50 Castle Age
14:18 Double-Bit Axe
14:16 Horse Collar
14:17 Man-at-Arms
22:53 Pikeman
37:19 Imperial Age
36:10 Forging
36:44 Scale Mail Armor
39:32 Chain Mail Armor
39:54 Iron Casting
43:06 Blast Furnace
43:40 Plate Mail Armor
42:45 Halberdier
54:55 Capped Ram
The Outpost Man
4:59 Loom
10:03 Feudal Age
11:20 Horse Collar
11:27 Double-Bit Axe
13:03 Fletching
18:02 Gold Mining
22:34 Castle Age
20:55 Stone Mining
24:22 Wheelbarrow
23:53 Heavy Plow
24:08 Bow Saw
27:50 Squires
27:37 Arson
27:43 Pikeman
32:16 Forging
32:07 Scale Mail Armor
35:25 Imperial Age
34:33 Iron Casting
34:14 Chain Mail Armor
34:43 Hand Cart
35:27 Padded Archer Armor
37:31 Chemistry
36:44 Fortified Wall
37:11 Halberdier
37:14 Elite Skirmisher
37:28 Elite Teutonic Knight
38:28 Conscription
37:33 Man-at-Arms
37:59 Gambesons
38:19 Long Swordsman
40:03 Blast Furnace
39:34 Plate Mail Armor
39:16 Two-Handed Swordsman
40:09 Champion
42:38 Stone Shaft Mining
44:15 Bodkin Arrow
44:35 Leather Archer Armor
47:04 Ring Archer Armor
47:04 Conscription
47:54 Crenellations
54:28 Ironclad
Lilliandil
10:38 Feudal Age
9:38 Loom
14:50 Castle Age
13:06 Horse Collar
13:42 Double-Bit Axe
17:51 Heavy Plow
18:46 Wheelbarrow
17:57 Town Watch
24:31 Forging
24:21 Scale Mail Armor
27:23 Caravan
28:28 Hand Cart
28:06 Gold Mining
28:06 Stone Mining
29:33 Iron Casting
29:13 Chain Mail Armor
28:48 Fletching
31:21 Gold Shaft Mining
33:18 Imperial Age
30:48 Town Patrol
30:55 Padded Archer Armor
31:04 Murder Holes
33:25 Squires
33:11 Arson
33:56 Halberdier
34:14 Elite Shotel Warrior
36:02 Conscription
35:04 Elite Shotel Warrior
37:09 Blast Furnace
36:24 Chain Mail Armor
36:05 Bodkin Arrow
39:54 Plate Mail Armor
39:24 Bracer
45:24 Ballistics
45:29 Leather Archer Armor
45:43 Elite Skirmisher
49:19 Chemistry
49:42 Ring Archer Armor
精锐数字
10:07 Feudal Age
13:35 Castle Age
12:11 Double-Bit Axe
13:28 Horse Collar
20:19 Bow Saw
21:20 Heavy Plow
23:04 Wheelbarrow
23:22 Gold Mining
24:35 Hand Cart
28:17 Imperial Age
25:44 Stone Mining
25:46 Loom
25:53 Fletching
27:46 Ballistics
28:26 Bodkin Arrow
28:32 Padded Archer Armor
28:17 Treadmill Crane
28:47 Masonry
29:48 Conscription
29:33 Bracer
30:49 Two-Man Saw
30:28 Stone Shaft Mining
30:27 Crop Rotation
30:40 Leather Archer Armor
30:33 Thumb Ring
31:31 Chemistry
31:01 Architecture
30:27 Murder Holes
30:34 Elite Genoese Crossbowman
32:45 Ring Archer Armor
33:22 Hoardings
35:04 Scale Barding Armor
35:09 Forging
34:52 Light Cavalry
35:42 Bloodlines
35:32 Husbandry
35:33 Hussar
37:21 Chain Barding Armor
37:36 Iron Casting
40:00 Plate Barding Armor
40:25 Blast Furnace
45:20 Capped Ram
48:08 Town Watch
椰子
5:11 Loom
11:29 Feudal Age
15:26 Castle Age
14:17 Double-Bit Axe
14:16 Horse Collar
18:25 Bow Saw
22:59 Husbandry
23:58 Scale Barding Armor
28:26 Chain Barding Armor
28:17 Forging
28:26 Heavy Plow
31:35 Wheelbarrow
30:57 Stone Mining
34:20 Stone Shaft Mining
33:36 Gold Mining
34:50 Iron Casting
37:30 Imperial Age
35:04 Fletching
35:40 Ballistics
36:04 Hand Cart
36:12 Bloodlines
37:08 Bodkin Arrow
37:26 Masonry
38:53 Conscription
37:53 Elite Mangudai
39:06 Bracer
39:07 Padded Archer Armor
40:10 Chemistry
39:46 Thumb Ring
40:07 Parthian Tactics
40:13 Siege Engineers
40:06 Murder Holes
42:20 Blast Furnace
41:36 Leather Archer Armor
41:38 Onager
42:11 Light Cavalry
43:06 Hussar
43:07 Cavalier
44:46 Scale Mail Armor
45:35 Fortified Wall
44:53 Siege Onager
48:00 Hoardings
49:56 Drill
53:33 Elite Skirmisher
Revenant
11:00 Feudal Age
14:44 Castle Age
13:02 Double-Bit Axe
14:16 Horse Collar
20:04 Bow Saw
25:10 Wheelbarrow
24:22 Loom
25:44 Heavy Plow
25:39 Gold Mining
25:40 Stone Mining
25:37 Loom
27:31 Gold Shaft Mining
27:29 Hand Cart
30:51 Imperial Age
28:37 Scale Mail Armor
28:48 Forging
28:31 Man-at-Arms
29:12 Squires
29:41 Chain Mail Armor
29:24 Long Swordsman
30:59 Iron Casting
30:52 Two-Handed Swordsman
31:03 Capped Ram
31:55 Detinets
32:16 Conscription
32:35 Plate Mail Armor
31:55 Champion
36:05 Druzhina
38:00 Blast Furnace
38:08 Siege Ram
39:03 Onager
43:07 Two-Man Saw
42:39 Crop Rotation
43:17 Hoardings
42:56 Scale Barding Armor
42:58 Elite Boyar
44:58 Chain Barding Armor
46:16 Plate Barding Armor
45:33 Fletching
45:51 Siege Engineers
46:07 Ballistics
46:48 Chemistry
47:40 Heavy Scorpion
48:42 Bodkin Arrow
48:44 Murder Holes
49:00 Masonry
48:48 Heavy Scorpion
49:23 Heavy Scorpion
51:11 Fortified Wall
飞鱼
11:15 Feudal Age
14:55 Castle Age
13:50 Double-Bit Axe
13:47 Horse Collar
20:25 Bow Saw
21:51 Heavy Plow
26:22 Wheelbarrow
25:32 Town Watch
25:33 Loom
29:48 Imperial Age
28:00 Padded Archer Armor
30:06 Leather Archer Armor
32:03 Chemistry
31:20 Fortified Wall
31:17 Siege Engineers
32:19 Shatagni
32:41 Conscription
32:45 Elite Skirmisher
34:25 Ring Archer Armor
37:46 Fletching
42:50 Bodkin Arrow
42:56 Scale Mail Armor
47:39 Chain Mail Armor
M4A1
10:41 Feudal Age
11:55 Loom
15:35 Castle Age
14:14 Double-Bit Axe
19:51 Bow Saw
22:31 Wheelbarrow
24:45 Hand Cart
24:57 Fervor
29:41 Imperial Age
26:59 Town Watch
27:48 Horse Collar
29:22 Chemistry
28:31 Padded Archer Armor
29:17 Sanctity
29:21 Wagenburg Tactics
29:44 Heavy Plow
30:14 Leather Archer Armor
30:52 Conscription
33:22 Siege Engineers
33:27 Masonry
33:17 Town Patrol
35:16 Ring Archer Armor
38:10 Pikeman
38:51 Squires
Connection lost

Rejoining the realm…

Still unreachable

The connection could not be restored.

Session expired

The server has moved on; the page needs a fresh start.